 Dungeon Crawl Stone Soup version 0.25-a0-1056-g2efb326896 (webtiles) character file.

Game seed: 7005757725291048027, levelgen mode: deterministic

187 wullow the Magician (level 5, -5/41 HPs)
             Began as a Gnoll Wanderer on May 13, 2020.
             Slain by an ogre
             ... wielding a +0 giant spiked club
              (17 damage)
             ... on level 3 of the Dungeon.
             The game lasted 00:07:01 (4724 turns).

wullow the Magician (Gnoll Wanderer)                Turns: 4724, Time: 00:07:01

Health: -5/41      AC: 12    Str: 14    XL:     5   Next: 66%
Magic:  23/23      EV:  7    Int: 11    God:
Gold:   135        SH:  0    Dex: 19    Spells: 18/18 levels left

rFire    . . .     SeeInvis .   a - +2 dagger
rCold    . . .     Gourm    .   (no shield)
rNeg     . . .     Faith    .   o - +0 chain mail
rPois    .         Spirit   .   (no helmet)
rElec    .         Reflect  .   y - +2 cloak
rCorr    .         Harm     .   (no gloves)
MR       +....                  (no boots)
Stlth    ..........             (no amulet)
HPRegen  0.13/turn              i - ring of magical power
MPRegen  0.18/turn              m - ring of protection from magic

@: no status effects
A: distributed training, fangs 1, strong nose
a: no special abilities


You were on level 3 of the Dungeon.
You were very hungry.

You visited 1 branch of the dungeon, and saw 4 of its levels.

You collected 135 gold pieces.

Inventory:

Hand Weapons
 a - a +2 dagger (weapon)
 c - a +0 mace
 r - a +0 dagger of holy wrath
Missiles
 e - 43 arrows
 n - 113 stones (quivered)
 t - 22 bolts
Armour
 d - a +0 robe
 o - a +0 chain mail (worn)
 p - a +0 plate armour
 y - a +2 cloak (worn)
Jewellery
 i - a ring of magical power (left hand)
 m - a ring of protection from magic (right hand)
 s - an uncursed ring of flight {unknown}
Scrolls
 b - a scroll of fear
 g - a scroll of fog {unknown}
 h - a scroll of blinking {unknown}
 l - a scroll of enchant armour {unknown}
 q - a scroll of random uselessness {unknown}
 x - 2 scrolls of identify {unknown}
Potions
 j - 2 potions of curing {unknown}
 k - a potion of berserk rage {unknown}
 u - 2 potions of degeneration {unknown}
 v - a potion of stabbing {unknown}
 w - a potion of might {unknown}
 z - a potion of flight {unknown}
Comestibles
 f - 5 rations


   Skills:
 + Level 3.0 Fighting
 + Level 1.5 Short Blades
 + Level 1.5 Long Blades
 + Level 1.5 Axes
 + Level 3.0 Maces & Flails
 + Level 1.5 Polearms
 + Level 1.5 Staves
 + Level 1.5 Slings
 + Level 1.5 Bows
 + Level 1.5 Crossbows
 + Level 3.0 Throwing
 + Level 3.0 Armour
 + Level 1.5 Dodging
 + Level 2.8 Stealth
 + Level 1.5 Shields
 + Level 1.5 Unarmed Combat
 + Level 7.3 Spellcasting
 + Level 1.2 Conjurations
 + Level 2.4 Hexes
 + Level 2.4 Charms
 + Level 1.2 Summonings
 + Level 1.2 Necromancy
 + Level 1.2 Translocations
 + Level 1.2 Transmutations
 + Level 1.2 Fire Magic
 + Level 1.2 Ice Magic
 + Level 1.2 Air Magic
 + Level 1.2 Earth Magic
 + Level 1.2 Poison Magic
 + Level 1.7 Invocations
 + Level 1.5 Evocations


You had 18 spell levels left.
You didn't know any spells.
Your spell library was empty.

Dungeon Overview and Level Annotations

Branches:
Dungeon (4/15)
 Temple: D:4-7

Altars:

Annotations:
D:2 Edmund
D:3 Eustachio


Innate Abilities, Weirdness & Mutations

Your experience applies equally to all skills.
You have very sharp teeth.
Your uncanny sense of smell can sniff out nearby items.


Message History

There is a stone staircase leading up here.
You hit the ogre but do no damage. Your bite misses the ogre.
The ogre barely misses you.
You barely miss the ogre. You hit the ogre but do no damage.
The ogre hits you with a +0 giant spiked club!
* * * LOW HITPOINT WARNING * * *
You hit the ogre but do no damage. The ogre barely misses you.
You hit the ogre. Your bite misses the ogre.
The ogre is lightly wounded.
You are feeling very hungry.
You hit the ogre.
The ogre is moderately wounded.
The ogre hits you but does no damage.
You hit the ogre.
The ogre is moderately wounded.
You hit the ogre. You bite the ogre.
The ogre is heavily wounded.
The ogre hits you with a +0 giant spiked club!
You die...

##########........###.#..........
.........#...)...................
###......#........###............
..O......#.......................
###<.....#.......................
..##.###.#.#.....#.#####.#..#####
#.##.# #.#.#.##..........#..#
#.##.# #.#.#.#..O...######..#####
..##.# #.#.#.#..@.....# #.......
.....###.#.#.#.#......# #...####
.....#...#.#.#.#>.....# #...#
.....#.###.#.#.#......# #...#
.....#.# #.#.#........#####'####
.....#.###.#.#.###..####.......#
.....#...#.#...................#
....##...#.###########.........#
.....#...#...........#.#.......#


You could see an ogre.

Vanquished Creatures
  An ogre (D:3)
  3 adders
  An ooze (D:1)
  3 worms
  A dart slug (D:1)
  3 leopard geckos (D:3)
  3 orcs (D:3)
  3 giant cockroaches
  3 goblins
  3 hobgoblins
  4 jackals (D:3)
  A quokka (D:2)
  5 bats
  4 frilled lizards
  8 kobolds
  13 rats
59 creatures vanquished.

Notes
Turn   | Place    | Note
-------+----------+-------------------------------------------
     0 | D:1      | wullow the Gnoll Wanderer began the quest for the Orb.
     0 | D:1      | wullow set off with the following items: a +2 dagger, a
                  | scroll of fear, a +0 mace, a +0 robe, a ration
     0 | D:1      | Reached XP level 1. HP: 17/17 MP: 8/8
   198 | D:1      | Reached XP level 2. HP: 16/23 MP: 10/10
  1370 | D:1      | Reached XP level 3. HP: 28/28 MP: 11/11
  1746 | D:2      | Reached skill level 1 in Invocations
  2314 | D:2      | Reached skill level 1 in Short Blades
  2314 | D:2      | Reached skill level 1 in Long Blades
  2314 | D:2      | Reached skill level 1 in Axes
  2314 | D:2      | Reached skill level 1 in Polearms
  2314 | D:2      | Reached skill level 1 in Staves
  2314 | D:2      | Reached skill level 1 in Slings
  2314 | D:2      | Reached skill level 1 in Bows
  2314 | D:2      | Reached skill level 1 in Crossbows
  2314 | D:2      | Reached skill level 1 in Dodging
  2314 | D:2      | Reached skill level 1 in Shields
  2314 | D:2      | Reached skill level 1 in Unarmed Combat
  2314 | D:2      | Reached skill level 1 in Evocations
  2314 | D:2      | Reached XP level 4. HP: 30/34 MP: 13/13
  3894 | D:3      | Reached skill level 1 in Conjurations
  3894 | D:3      | Reached skill level 1 in Summonings
  3894 | D:3      | Reached skill level 1 in Necromancy
  3894 | D:3      | Reached skill level 1 in Translocations
  3894 | D:3      | Reached skill level 1 in Transmutations
  3894 | D:3      | Reached skill level 1 in Fire Magic
  3894 | D:3      | Reached skill level 1 in Ice Magic
  3894 | D:3      | Reached skill level 1 in Air Magic
  3894 | D:3      | Reached skill level 1 in Earth Magic
  3894 | D:3      | Reached skill level 1 in Poison Magic
  4179 | D:4      | Noticed Eustachio
  4179 | D:4      | Noticed an ogre
  4179 | D:4      | Noticed an ogre
  4286 | D:3      | Killed an ogre
  4286 | D:3      | Reached XP level 5. HP: 12/41 MP: 14/14
  4611 | D:4      | Noticed Edmund
  4724 | D:3      | Slain by an ogre

Illustrated notes

Levels and vault maps discovered:
D:1:      grunt_arrival_crossed_arrows, layout_basic
D:2:      layout_basic, first_ration
D:3:      minmay_evil_eye, layout_basic, minmay_ruptured
D:4:      layout_cave_pods, minivault_11, uniq_natasha, uniq_edmund,
          uniq_eustachio

Skill      XL: |  1  2  3  4 |
---------------+-------------+-----
Hexes          | 2 |  2.4
Charms         | 2 |  2.4
Invocations    | 1 |  1.7
Short Blades   | 1 |  1.5
Long Blades    | 1 |  1.5
Axes           | 1 |  1.5
Polearms       | 1 |  1.5
Staves         | 1 |  1.5
Slings         | 1 |  1.5
Bows           | 1 |  1.5
Crossbows      | 1 |  1.5
Dodging        | 1 |  1.5
Shields        | 1 |  1.5
Unarmed Combat | 1 |  1.5
Evocations     | 1 |  1.5
Conjurations   | 1 |  1.2
Summonings     | 1 |  1.2
Necromancy     | 1 |  1.2
Translocations | 1 |  1.2
Transmutations | 1 |  1.2
Fire Magic     | 1 |  1.2
Ice Magic      | 1 |  1.2
Air Magic      | 1 |  1.2
Earth Magic    | 1 |  1.2
Poison Magic   | 1 |  1.2
Fighting       | 3 |  3.0
Maces & Flails | 3 |  3.0
Throwing       | 3 |  3.0
Armour         | 3 |  3.0
Stealth        | |  2.8
Spellcasting   | |  7.3

Action                   |  1- 3 |  4- 6 || total
-------------------------+-------+-------++-------
Melee: Dagger            |   125 |   138 ||   263
       Bite              |    12 |    24 ||    36
       Punch             |       |     1 ||     1
 Stab: Sleeping          |     4 |       ||     4
  Eat: Chunk             |     4 |     7 ||    11
Armor: Robe              |     5 |       ||     5
       Chain mail        |    56 |    74 ||   130
Dodge: Dodged            |    34 |    37 ||    71

Table legend:
 A = Non-vault XP
 B = Vault XP
 C = Vault XP percentage of total XP
 D = Non-vault monster count
 E = Vault monster count
 F = Vault count percentage of total count
                 A         B        C        D         E       F
            +---------+---------+-------+---------+---------+-------
      Total |     239 |      29 |  10.8 |      52 |       7 |  11.9
            +---------+---------+-------+---------+---------+-------
        D:1 |      36 |       0 |   0.0 |      22 |       0 |   0.0
        D:2 |      50 |       0 |   0.0 |      16 |       0 |   0.0
        D:3 |     153 |      29 |  15.9 |      14 |       7 |  33.3
            +---------+---------+-------+---------+---------+-------
